 Dungeon Crawl Stone Soup version 0.16.2-3-ga078185 (webtiles) character file.

88 dvd the Vandal (level 4, -6/29 HPs)
             Began as a Halfling Hunter on Sept 6, 2015.
             Killed by divine providence
             ... invoked by an orc priest
              (14 damage)
             ... on level 3 of the Dungeon.
             The game lasted 00:12:04 (1874 turns).

dvd the Vandal (Halfling Hunter)                    Turns: 1874, Time: 00:12:08

Health: -6/29      AC:  6    Str: 12    XL:     4   Next: 82%
Magic:  4/4        EV: 14    Int: 10    God:
Gold:   99         SH:  6    Dex: 15    Spells: 0 memorised, 3 levels left

rFire  . . .     SeeInvis .     a - +0 short sword
rCold  . . .     Clarity  .     x - +0 leather armour
rNeg   . . .     SustAb   .     v - +2 buckler
rPois  .         Gourm    .     j - +0 helmet
rElec  .         Spirit   .     (no cloak)
rCorr  .         Warding  .     (no gloves)
rMut   .         Stasis   .     s - +1 pair of boots
MR     .....                    (no amulet)
Stlth  ++........               (no ring)
                                (no ring)

@: lethally poisoned (-6 -> -19), not resistant to hostile enchantments,
unstealthy
A: mutation resistance 1
a: no special abilities


You were on level 3 of the Dungeon.
You were not hungry.

You visited 1 branch of the dungeon, and saw 3 of its levels.

You collected 99 gold pieces.

Inventory:

Hand weapons
 a - a +0 short sword (weapon)
 b - a +1 hunting sling
 g - a +0 dagger
 m - a +0 dagger
Missiles
 e - 63 stones (quivered)
Armour
 j - a +0 helmet (worn)
 s - a +1 pair of boots (worn)
 u - a +0 shield
 v - a +2 buckler (worn)
 x - a +0 leather armour (worn)
Scrolls
 i - 3 scrolls of identify {unknown}
 k - a scroll of fog {unknown}
 l - a scroll of random uselessness {unknown}
 t - a scroll of noise {unknown}
 w - a scroll of fear {unknown}
Potions
 h - a potion of flight {unknown}
 p - a potion of mutation {unknown}
 q - 2 potions of poison


   Skills:
 + Level 2.0 Fighting
 + Level 0.3 Short Blades
 + Level 7.8 Slings
 + Level 2.6 Dodging
 + Level 1.6 Stealth


You had 3 spell levels left.
You didn't know any spells.

Dungeon Overview and Level Annotations

Branches:
Dungeon (3/15)

Altars:
Elyvilon
Kikubaaqudgha
Nemelex Xobeh


Innate Abilities, Weirdness & Mutations

You are small and have problems with some larger weapons.
You are somewhat resistant to further mutation.


Message History

You block the orc priest's attack.
An orc comes into view. It is wielding a mace.
You closely miss the orc priest.
The orc priest is moderately wounded.
The orc priest mumbles some strange prayers to Beogh against you.
Something smites you!
You barely miss the orc priest.
The orc priest is moderately wounded.
The orc priest invokes the aid of Beogh against you.
Pain shoots through your body!
The orc priest hits you but does no damage.
Drink which item? (? for menu, Esc to quit)
It was a potion of poison.
That liquid tasted very nasty...
You are lethally poisoned!
* * * LOW HITPOINT WARNING * * *
You feel sick.
The orc priest mumbles some strange prayers to Beogh against you.
Something smites you!
You die...

##.##### ....(.#
#.##...$.####
##.#....(.(.(
..%......(.#
#....).o..#
###.....[##.#
.......oo##.#
###.....@##.#
.........##>#
###.#.##.##.# #...
#.##.####..
....#.#.#.........
#..........#
#..#.##.##.## #
#.#...## #..<...#


You could see 2 orc priests and an orc.

Vanquished Creatures
  2 adders (D:2)
  A giant mite (D:2)
  2 worms (D:2)
  An orc (D:3)
  7 bats
  3 giant cockroaches
  11 hobgoblins
  4 jackals (D:1)
  6 kobolds
  A quokka (D:2)
  A giant newt (D:1)
  6 goblins
  4 rats (D:1)
49 creatures vanquished.

Notes
Turn   | Place    | Note
--------------------------------------------------------------
     0 | D:1      | dvd, the Halfling Hunter, began the quest for the Orb.
     0 | D:1      | Reached XP level 1. HP: 14/14 MP: 1/1
     8 | D:1      | Reached skill level 6 in Slings
    52 | D:1      | Reached XP level 2. HP: 12/19 MP: 2/2
   331 | D:1      | Reached XP level 3. HP: 24/24 MP: 3/3
   609 | D:1      | You fall through a shaft!
   650 | D:2      | Reached skill level 7 in Slings
   996 | D:2      | Reached XP level 4. HP: 29/29 MP: 4/4
  1063 | D:2      | Found an ancient bone altar of Kikubaaqudgha.
  1563 | D:2      | Found a sparkling altar of Nemelex Xobeh.
  1565 | D:2      | Found a white marble altar of Elyvilon.
  1874 | D:3      | Killed from afar by an orc priest

Action                   |  1- 3 |  4- 6 || total
-------------------------+-------+-------++-------
Melee: Short sword       |    11 |     7 ||    18
 Fire: Hunting sling     |    80 |    45 ||   125
Throw: Stone             |       |     7 ||     7
  Use: Potion            |       |     1 ||     1
  Eat: Bread ration      |       |     1 ||     1
